 Dungeon Crawl Stone Soup version 0.32-a0-411-g744942f433 (webtiles) character file.

Game seed: 1974444925320328953

4370 zeratav the Cleaver (level 10, -3/93 HPs)
             Began as a Minotaur Fighter on Feb 21, 2024.
             Was a Believer of Beogh.
             Slain by an orc warrior
             ... wielding a +0 trident
              (21 damage)
             ... in a bailey.
             The game lasted 00:14:20 (8779 turns).

zeratav the Cleaver (Minotaur Fighter)              Turns: 8779, Time: 00:14:21

Health: -3/93      AC: 14    Str: 24    XL:     10   Next: 13%
Magic:  9/9        EV: 23    Int:  5    God:    Beogh [**....]
Gold:   667        SH:  4    Dex: 11    Spells: 9/9 levels left

rFire   . . .        a - +0 war axe {axe}
rCold   . . .        c - +0 buckler
rNeg    . . .        L - +0 chain mail
rPois   .            (helmet restricted)
rElec   .            r - +0 cloak
rCorr   .            C - +0 pair of gloves
SInv    +            (no boots)
Will    +....        y - amulet of the acrobat Stlth
                     F - ring of see invisible
HPRegen 0.35/turn    N - ring of willpower
MPRegen 0.11/turn

%: acrobat
@: acrobatic
A: horns 2, retaliatory headbutt
a: Renounce Religion, Smiting


You were in a bailey.
You worshipped Beogh.
Beogh was pleased with you.
You visited 1 branch of the dungeon, and saw 9 of its levels.
You also visited: Ossuary and Bailey.

You collected 667 gold pieces.


Innate Abilities, Weirdness & Mutations

Your facial features look somewhat orcish.
You have a pair of horns on your head.
You reflexively headbutt those who attack you in melee.


   Skills:
 - Level 10.0 Fighting
 + Level 12.1 Axes
 - Level 10.0 Armour
 - Level 3.6 Shields


You had 9 spell levels left.
You didn't know any spells.
Your spell library contained the following spells:

 Spells                   Type           Power      Damage    Failure   Level
 Shock                    Conj/Air       0%         1d3       95%         1
 Slow                     Hex            0%         N/A       95%         1
 Confusing Touch          Hex            0%         N/A       100%        3
 Inner Flame              Hex/Fire       0%         N/A       100%        3
 Sigil of Binding         Hex            0%         N/A       100%        3
 Swiftness                Air            0%         N/A       100%        3
 Vampiric Draining        Necr           0%         2d6       100%        3
 Airstrike                Air            0%         2d(0-16)  100%        4
 Cause Fear               Hex            0%         N/A       100%        4
 Flame Wave               Conj/Fire      0%         2d4       100%        4
 Sticky Flame             Fire/Alch      0%         2d4       100%        4
 Fireball                 Conj/Fire      0%         3d3       100%        5
 Dragon's Call            Summ           0%         N/A       100%        9

Inventory:

Hand Weapons
 a - a +0 war axe (weapon) {axe}
 e - a +4 short sword {short}
   (You found it on level 1 of the Dungeon)
 G - a +2 trident of protection {polearm}
   (You took it off a gnoll sergeant on level 8 of the Dungeon)
 S - a +3 long sword {long}
   (You took it off a wight on level 8 of the Dungeon)
 T - a +4 short sword of freezing {short}
   (You took it off a wight on level 8 of the Dungeon)
 U - a +5 hand axe of freezing {axe}
   (You took it off a wight on level 8 of the Dungeon)
Missiles
 i - 16 boomerangs {throwing}
 p - 3 throwing nets {=fthrowing}
 O - 5 poisoned darts (quivered) {throwing}
Armour
 c - a +0 buckler (worn)
 r - a +0 cloak (worn)
   (You found it on level 2 of the Dungeon)
 C - a +0 pair of gloves (worn)
   (You found it on level 4 of the Dungeon)
 L - a +0 chain mail (worn)
   (You took it off a hobgoblin on level 4 of the Dungeon)
 P - +0 steam dragon scales
   (You found it on level 8 of the Dungeon)
Jewellery
 y - an amulet of the acrobat (around neck)
   (You took it off an orc on level 4 of the Dungeon)
 F - a ring of see invisible (left hand)
   (You found it on level 5 of the Dungeon)
 N - a ring of willpower (right hand)
   (You found it on level 7 of the Dungeon)
 Q - a +6 ring of dexterity
   (You found it on level 8 of the Dungeon)
Wands
 u - a wand of flame (33)
   (You took it off Ijyb on level 3 of the Dungeon)
Scrolls
 g - 4 scrolls of enchant weapon
 l - 3 scrolls of enchant armour
 n - 6 scrolls of teleportation {@r4}
 q - 3 scrolls of amnesia
 s - a scroll of torment {!r}
 t - a scroll of immolation {!r!r}
 B - 2 scrolls of vulnerability {!r!r}
 H - a scroll of fog
 I - a scroll of poison {!r}
Potions
 b - 2 potions of experience
 d - 3 potions of might
 f - 3 potions of lignification {unknown}
 h - 7 potions of haste {unknown}
 k - 2 potions of berserk rage {unknown}
 m - 11 potions of curing {unknown}
 o - 2 potions of degeneration {unknown}
 v - 2 potions of resistance {unknown}
 w - 2 potions of brilliance {unknown}
 x - 3 potions of heal wounds {unknown}
 z - a potion of cancellation {unknown}
 A - 3 potions of attraction {unknown}
 D - 2 potions of enlightenment {unknown}
 E - 5 potions of invisibility {unknown}
 J - 4 potions of mutation {unknown}
 K - a potion of ambrosia {unknown}
 M - a potion of magic {unknown}

Dungeon Overview and Level Annotations

Branches:
Dungeon (9/15) Zot: 26694  Temple (0/1) D:5         Ossuary (visited)
 Bailey (1/1) Zot: 5581
   Lair: D:8-11         Orc: D:9-12

Altars:
Fedhas
Kikubaaqudgha
Qazlal

Shops:
D:4 *(

Annotations:
D:8 3 runed translucent doors

#.....#
#.....#
#.....#
##o''##
##.....##
#.......#
#.o#)#..#
#...)...#
#..@....#
#.......#
##.....##
#'''''#
#.....#
#..o....
#.......#
#.......#
#.......#


You could see 2 orc warriors.


Message History

You block the orc knight's attack.
Unknown command.
Things that are here:
a +0 halberd {polearm}; an orc skeleton You slash the orc knight!
The orc knight hits you with a +0 halberd!
The orc knight hits you but does no damage.
HP[-8]
You take 8 damage, and now have 85/93 hp.
You hit the orc knight but do no damage.
You block the orc knight's attack.
The orc knight hits you from afar with a +0 halberd!
HP[-11]
You take 11 damage, and now have 74/93 hp.
You hit the orc knight.
The orc knight hits you with a +0 halberd!!
HP[-20]
You take 20 damage, and now have 54/93 hp.
MASSIVE DAMAGE!! (PAUSE)
You closely miss the orc knight. Your headbutt misses the orc knight.
The orc knight hits you from afar with a +0 halberd!!
* * * LOW HITPOINT WARNING * * *
HP[-35]
You take 35 damage, and now have 19/93 hp.
MASSIVE DAMAGE!! (PAUSE)
You hit the orc knight. Your headbutt misses the orc knight.
The orc knight looks more healthy.
The orc knight hits you with a +0 halberd!
* * * LOW HITPOINT WARNING * * *
The orc knight barely misses you.
HP[-8]
You take 8 damage, and now have 11/93 hp.
Read: scroll of fear
Press: ? - help, Q - select action, (/) - cycle Dir - look around, f - activate Look: an orc knight, wielding a +0 halberd and wearing a +0 ring mail (moderately wounded, chance to affect: 90%)
As you read the scroll of fear, it crumbles to dust.
You assume a fearsome visage.
The orc knight looks frightened! x2
HP[+1] HP[+1]
You start resting.
An orc knight is nearby!
HP[+2]
You regained 2 hp, and now have 15/93 hp.
The orc knight shouts!
The orc knight seems to regain its courage.
HP[+1]
The orc knight shouts!
HP[+1]
Things that are here:
a +0 halberd {polearm}; an orc skeleton HP[+1]
The orc knight roars a battlecry!
The orc knight goes into a battle-frenzy!
You see here a +0 halberd {polearm}.
HP[+1]
There is an open door here.
HP[+1]
You block the orc knight's attack.
HP[+1]
The orc knight attacks as it pursues you!
The orc knight misses you.
There is an open door here.
You see here a curare-tipped dart {=fthrowing}.
HP[+1]
An orc warrior comes into view. It is wielding a +0 trident.
HP[+1]
The orc warrior shouts!
The orc knight roars a battlecry!
The orc knight goes into a battle-frenzy!
The orc warrior hits you but does no damage.
HP[+1]
The orc warrior completely misses you.
There is an open gate here.
The orc knight no longer looks unusually strong.
The orc warrior hits you but does no damage.
The orc knight roars a battlecry!
The orc warrior goes into a battle-frenzy!
The orc warrior hits you from afar with a +0 trident!
* * * LOW HITPOINT WARNING * * *
HP[-8]
You take 8 damage, and now have 16/93 hp.
The orc warrior hits you from afar with a +0 trident.
* * * LOW HITPOINT WARNING * * *
HP[-1]
You take 1 damage, and now have 15/93 hp.
The orc knight roars a battlecry!
The orc knight goes into a battle-frenzy!
The orc warrior attacks as it pursues you!
The orc warrior completely misses you.
HP[+1]
There is an open gate here.
HP[+1]
An orc warrior comes into view. It is wielding a +0 halberd.
HP[+1]
The orc warrior shouts!
The orc warrior attacks as it pursues you!
The orc warrior hits you from afar with a +0 trident!!
You die...
Beogh appreciates the orc warrior's killing of a heretic priest.

Skill      XL: |  1  2  3  4  5  6  7  8  9 10 |
---------------+-------------------------------+-----
Axes           | 3 4 5 6 8 9 10 11 12 | 12.1
Fighting       | 6 10 | 10.0
Armour         | 5 10 | 10.0
Shields        | |  3.6

Action                     |  1- 3 |  4- 6 |  7- 9 | 10-12 || total
---------------------------+-------+-------+-------+-------++-------
  Melee: War axe           |    69 |   138 |   210 |    33 ||   450
         Headbutt          |     5 |    23 |    39 |     5 ||    72
  Throw: Dart              |       |       |     4 |     4 ||     8
         Boomerang         |       |       |       |     3 ||     3
 Invoke: Convert to Beogh  |       |       |     1 |       ||     1
  Evoke: Wand              |       |       |     2 |       ||     2
    Use: Scroll            |       |       |     7 |     7 ||    14
 Armour: Scale mail        |    54 |    86 |    43 |       ||   183
         Chain mail        |       |       |   135 |    44 ||   179
  Dodge: Dodged            |    40 |    48 |    86 |    30 ||   204
  Block: Buckler           |    20 |    27 |    36 |     9 ||    92

Levels and vault maps discovered:
D:1:      lemuel_arrival_broad_hall, layout_loops_ring, minmay_pentomino_p4
D:2:      minmay_evil_eye, layout_basic, hellmonk_ecumenical_altar_arch_garden
D:3:      layout_basic, uniq_ijyb
D:4:      nicolae_cairo_tiling_large, layout_gridville, serial_shops,
          nicolae_shop_rolling_square, nicolae_elemental_shop,
          serial_park_tiny_pond
D:5:      layout_basic, minmay_temple_entry_ruins,
          nicolae_ossuary_entry_false_entrances
D:6:      layout_rooms, minmay_diced_spiral
D:7:      layout_loops_ring, nicolae_qazlal_beasts_of_the_sky
D:8:      layout_loops_corners, kennysheep_little_box, kiku_gazebo_pond_becter,
          ploomutoo_gammafunk_ghost_potion_laboratory, minmay_fractal_squares_5
D:9:      kennysheep_windowed_halls, layout_gridville,
          chequers_temple_overflow_minitemple, enter_bailey_3, minivault_23
Bailey:   bailey_polearm_5, bailey

Notes
Turn   | Place    | Note
-------+----------+-------------------------------------------
     0 | D:1      | zeratav the Minotaur Fighter began the quest for the Orb.
     0 | D:1      | Reached XP level 1. HP: 19/19 MP: 0/0
     0 | D:1      | magus.rc [v1.9.6]
    37 | D:1      | Reached skill level 3 in Axes
    71 | D:1      | Reached XP level 2. HP: 26/26 MP: 1/1
   145 | D:1      | Reached skill level 4 in Axes
   200 | D:1      | Reached XP level 3. HP: 31/31 MP: 2/2
   753 | D:2      | Found a faded altar of an unknown god.
   783 | D:2      | Reached skill level 5 in Axes
   812 | D:2      | Reached XP level 4. HP: 38/39 MP: 3/3
   887 | D:2      | Identified the +1 short sword "Wauschiot" {flame, Fly rPois
                  | Int+3 Dex-4}
  1038 | D:2      | Reached skill level 6 in Axes
  1168 | D:2      | Reached XP level 5. HP: 26/45 MP: 4/4
  1312 | D:2      | You pick up a book of the Dragon and begin reading...
  1312 | D:2      | You add the spells Cause Fear, Fireball and Dragon's Call
                  | to your library.
  1377 | D:2      | You pick up a book of Debilitation and begin reading...
  1377 | D:2      | You add the spells Slow, Sigil of Binding, Vampiric
                  | Draining and Confusing Touch to your library.
  1574 | D:3      | Reached skill level 7 in Axes
  1925 | D:3      | Noticed an ice beast
  1930 | D:3      | Killed an ice beast
  1931 | D:3      | Reached skill level 8 in Axes
  1931 | D:3      | Reached XP level 6. HP: 37/51 MP: 5/5
  2241 | D:3      | Noticed Ijyb
  2247 | D:3      | Killed Ijyb
  2657 | D:4      | Found Got Nexo's Antique Weapon Emporium.
  3222 | D:4      | Found Fotwestu's Elemental Accessories.
  3339 | D:5      | Entered Level 5 of the Dungeon
  3365 | D:5      | Found a sand-covered staircase.
  3396 | Ossuary  | Entered an ossuary
  3415 | Ossuary  | Reached skill level 9 in Axes
  3419 | Ossuary  | HP: 12/51 [mummy (9)]
  3570 | Ossuary  | Reached XP level 7. HP: 44/57 MP: 6/6
  3890 | D:5      | Became a worshipper of Beogh the Shepherd
  3934 | D:5      | Found a staircase to the Ecumenical Temple.
  4053 | D:5      | Reached skill level 10 in Axes
  4294 | D:5      | Reached skill level 4 in Fighting
  4571 | D:6      | Reached skill level 5 in Fighting
  4577 | D:6      | Reached skill level 6 in Fighting
  4585 | D:6      | Reached XP level 8. HP: 27/71 MP: 7/7
  4775 | D:6      | Reached skill level 7 in Fighting
  5392 | D:7      | Found a stormy altar of Qazlal.
  5402 | D:7      | Reached skill level 8 in Fighting
  5489 | D:7      | Reached skill level 9 in Fighting
  5776 | D:7      | Reached skill level 10 in Fighting
  5851 | D:7      | Reached * piety under Beogh
  5859 | D:7      | Reached skill level 4 in Armour
  5867 | D:7      | Reached skill level 5 in Armour
  6016 | D:7      | You pick up a book of Flames and begin reading...
  6016 | D:7      | You add the spells Inner Flame, Sticky Flame and Flame Wave
                  | to your library.
  6132 | D:7      | Reached XP level 9. HP: 82/85 MP: 8/8
  6163 | D:7      | Reached skill level 6 in Armour
  6547 | D:8      | Reached skill level 7 in Armour
  6810 | D:8      | Found a runed translucent gate.
  6831 | D:8      | Found a runed translucent gate.
  6831 | D:8      | Found a runed translucent gate.
  6831 | D:8      | Noticed a green ugly thing
  6831 | D:8      | Noticed a purple ugly thing
  6833 | D:8      | Noticed a green ugly thing
  6833 | D:8      | Noticed a cyan ugly thing
  6973 | D:8      | Noticed a two-headed ogre
  6994 | D:8      | Reached skill level 8 in Armour
  6995 | D:8      | HP: 19/85 [two-headed ogre/+0 giant spiked club (12)]
  6997 | D:8      | HP: 1/85 [gnoll sergeant/+2 trident of protection (9)]
  7018 | D:8      | Killed a two-headed ogre
  7019 | D:8      | Reached skill level 10 in Armour
  7277 | D:8      | Reached skill level 11 in Axes
  7299 | D:8      | You pick up a book of Air and begin reading...
  7299 | D:8      | You add the spells Shock, Swiftness and Airstrike to your
                  | library.
  7401 | D:8      | Found an ancient bone altar of Kikubaaqudgha.
  7586 | D:8      | Reached XP level 10. HP: 80/93 MP: 9/9
  7859 | D:8      | Noticed a green ugly thing
  7953 | D:8      | Found a blossoming altar of Fedhas.
  8147 | D:9      | Reached ** piety under Beogh
  8350 | D:9      | Found a flagged portal.
  8361 | Bailey   | Entered a bailey
  8433 | Bailey   | HP: 22/93 [orc/+0 trident (2)]
  8434 | Bailey   | Reached skill level 12 in Axes
  8684 | Bailey   | Noticed an orc knight
  8684 | Bailey   | Noticed an orc knight
  8729 | Bailey   | HP: 19/93 [orc knight/+0 halberd (35)]
  8770 | Bailey   | HP: 16/93 [orc warrior/+0 trident (9)]
  8779 | Bailey   | Slain by an orc warrior

Vanquished Creatures
  A two-headed ogre (D:8)
  A yak (D:8)
  A wyvern (D:8)
  2 steam dragons (D:8)
  2 water moccasins (D:7)
  5 orc warriors
  An ice beast (D:3)
  2 black bears
  4 sky beasts (D:7)
  2 ogres (D:6)
  A kobold brigand (D:7)
  5 bullfrogs
  2 gnoll sergeants
  3 scorpions
  5 wights (D:8)
  An orc priest (D:6)
  A sleepcap (D:7)
  A hound (D:4)
  2 iguanas
  4 orc wizards
  Ijyb (D:3)
  8 mummies (Ossuary)
  7 gnolls
  8 adders
  A shadow imp (D:7)
  A white imp (D:6)
  2 ufetubi (D:6)
  3 ribbon worms
  4 dart slugs
  23 orcs
  6 endoplasms
  3 giant cockroaches (D:4)
  A gnoll zombie (Ossuary)
  14 goblins
  11 hobgoblins
  5 quokkas
  8 ball pythons
  5 bats
  8 frilled lizards
  3 hobgoblin zombies (Ossuary)
  8 kobolds
  2 kobold zombies (Ossuary)
  2 orc zombies (Ossuary)
  7 rats
187 creatures vanquished.

Vanquished Creatures (others)
  3 orcs
3 creatures vanquished.

Grand Total: 190 creatures vanquished

Table legend:
 A = Non-vault XP
 B = Vault XP
 C = Vault XP percentage of total XP
 D = Non-vault monster count
 E = Vault monster count
 F = Vault count percentage of total count
                 A         B        C        D         E       F
            +---------+---------+-------+---------+---------+-------
      Total |    3815 |    2428 |  38.9 |     143 |      45 |  23.9
            +---------+---------+-------+---------+---------+-------
        D:1 |      68 |       7 |   9.3 |      27 |       2 |   6.9
        D:2 |     158 |      19 |  10.7 |      25 |       7 |  21.9
        D:3 |     260 |      33 |  11.3 |      16 |       1 |   5.9
        D:4 |      82 |       0 |   0.0 |      14 |       0 |   0.0
        D:5 |     289 |       0 |   0.0 |      13 |       0 |   0.0
        D:6 |     506 |     122 |  19.4 |      11 |       1 |   8.3
        D:7 |    1310 |     130 |   9.0 |      19 |       1 |   5.0
        D:8 |     935 |    1524 |  62.0 |      10 |       5 |  33.3
        D:9 |     207 |      10 |   4.6 |       8 |       4 |  33.3
    Ossuary |       0 |     170 | 100.0 |       0 |      16 | 100.0
     Bailey |       0 |     413 | 100.0 |       0 |       8 | 100.0
            +---------+---------+-------+---------+---------+-------

Skill      XL: |  1  2  3  4  5  6  7  8  9 10 |
---------------+-------------------------------+-----
Axes           | 3 4 5 6 8 9 10 11 12 | 12.1
Fighting       | 6 10 | 10.0
Armour         | 5 10 | 10.0
Shields        | |  3.6

Action                     |  1- 3 |  4- 6 |  7- 9 | 10-12 || total
---------------------------+-------+-------+-------+-------++-------
  Melee: War axe           |    69 |   138 |   210 |    33 ||   450
         Headbutt          |     5 |    23 |    39 |     5 ||    72
  Throw: Dart              |       |       |     4 |     4 ||     8
         Boomerang         |       |       |       |     3 ||     3
 Invoke: Convert to Beogh  |       |       |     1 |       ||     1
  Evoke: Wand              |       |       |     2 |       ||     2
    Use: Scroll            |       |       |     7 |     7 ||    14
 Armour: Scale mail        |    54 |    86 |    43 |       ||   183
         Chain mail        |       |       |   135 |    44 ||   179
  Dodge: Dodged            |    40 |    48 |    86 |    30 ||   204
  Block: Buckler           |    20 |    27 |    36 |     9 ||    92

Illustrated notes

Table legend:
 A = Kills in this place as a percentage of kills in the entire game.
 B = Kills by you in this place as a percentage of kills by you in the entire game.
 C = Kills by friends in this place as a percentage of kills by friends in the entire game.
 D = Other kills in this place as a percentage of other kills in the entire game.
 E = Experience gained in this place as a percentage of experience gained in the entire game.
 F = Experience gained in this place divided by the number of levels of this place that you have seen.
                   A       B       C       D       E      F
               +-------+-------+-------+-------+-------+----------------------
         Total | 100.0 | 100.0 |   N/A | 100.0 | 100.0 | 567.5
       Dungeon |  87.2 |  87.2 |   N/A | 100.0 |  90.7 | 628.9
       Ossuary |   8.5 |   8.6 |   N/A |   0.0 |   2.7 | 170.0
        Bailey |   4.3 |   4.3 |   N/A |   0.0 |   6.6 | 413.0
               +-------+-------+-------+-------+-------+----------------------

Table legend: (Time is in decaauts)
 A = Elapsed time spent in this place.
 B = Non-inter-level travel time spent in this place.
 C = Inter-level travel time spent in this place.
 D = Time resting spent in this place.
 E = Time spent auto-exploring this place.
 F = Levels seen in this place.
 G = Mean time per level.
                   A        B        C        D        E       F      G
               +--------+--------+--------+--------+--------+-----+--------+
         Total |   8827 |   8406 |    421 |   1199 |   5792 |  11 |  802.5 |
       Dungeon |   7978 |   7557 |    421 |    855 |   5502 |   9 |  886.4 |
       Ossuary |    431 |    431 |      0 |    137 |    206 |   1 |  431.0 |
        Bailey |    417 |    417 |      0 |    207 |     84 |   1 |  417.0 |
               +--------+--------+--------+--------+--------+-----+--------+

Top non-repeatable levels by time:
     D:8: 1522 daAuts
     D:7: 1141 daAuts
     D:4: 1077 daAuts
     D:3: 941 daAuts
     D:5: 802 daAuts
     D:1: 772 daAuts
     D:2: 740 daAuts
     D:6: 676 daAuts
 Ossuary: 431 daAuts
  Bailey: 417 daAuts
     D:9: 305 daAuts
